 Dungeon Sprint DCSS version 0.19.5 (webtiles) character file.

989 Mesmaeker13 the Cleaver (level 7, -6/77 HPs)
             Began as a Minotaur Gladiator on Apr 4, 2017.
             Was a Follower of Okawaru.
             Mangled by a sun demon (14 damage)
             ... summoned by a kobold demonologist
             ... in the Dungeon (Sprint I: "Red Sonja").
             The game lasted 00:01:19 (446 turns).

Mesmaeker13 the Cleaver (Minotaur Gladiator)         Turns: 446, Time: 00:01:21

Health: -6/77      AC: 15    Str: 22    XL:     7   Next: 98%
Magic:  6/6        EV: 10    Int:  5    God:    Okawaru [*.....]
Gold:   405        SH:  0    Dex: 10    Spells: 0 memorised, 6 levels left

rFire  . . .     SeeInvis .     a - +0 war axe
rCold  . . .     Gourm    .     m - +0 plate armour
rNeg   . . .     Faith    .     (no shield)
rPois  .         Spirit   .     c - +0 hat
rElec  .         Reflect  .     n - +0 cloak (curse)
rCorr  .         Harm     .     (no gloves)
MR     .....     NoTele   +     (no boots)
Stlth  ..........               (no amulet)
                                (no ring)
                                (no ring)

@: no status effects
A: retaliatory headbutt, horns 2
a: Heroism, Renounce Religion


You were in the Dungeon.
You worshipped Okawaru.
Okawaru was aware of your devotion.
You were not hungry.

You visited 1 branch You collected 405 gold pieces.

Inventory:

Hand Weapons
 a - a +0 war axe (weapon)
Missiles
 d - 2 throwing nets (quivered)
Armour
 c - a +0 hat (worn)
 m - a +0 plate armour (worn)
 n - a cursed +0 cloak (worn)
Scrolls
 k - a scroll of blinking
Potions
 e - a potion of curing
 h - a potion of haste
 i - 2 potions of magic
 j - a potion of berserk rage
Comestibles
 b - a slice of pizza
 f - a bread ration


   Skills:
 + Level 12.0 Fighting
 + Level 12.3 Axes
 - Level 2.0 Throwing
 + Level 8.1 Armour
 - Level 8.7 Dodging


You had 6 spell levels left.
You didn't know any spells.

Dungeon Overview and Level Annotations

Branches:
Dungeon (1/1)

Altars:
Cheibriados
Dithmenos
Elyvilon
Fedhas
Gozag
Hepliaklqana
Kikubaaqudgha
Makhleb
Nemelex Xobeh
Okawaru
Qazlal
Ru
Sif Muna
Trog
Uskayaw
Vehumet
Xom
Yredelemnul
Zin
The Shining One
Jiyva
Lugonu

Shops:
D }


Innate Abilities, Weirdness & Mutations

You reflexively headbutt those who attack you in melee.
You have a pair of horns on your head.


Message History

The kobold demonologist hits you but does no damage.
You feel much better. The sun demon closely misses you.
The kobold demonologist looks encouraged for a moment.
The sun demon hits you!!
You are engulfed in flames!
* * * LOW HITPOINT WARNING * * *
You hit the kobold demonologist but do no damage.
The kobold demonologist is heavily wounded.
You slash the sun demon!
The kobold demonologist casts a cantrip, but nothing happens.
The sun demon barely misses you. You furiously retaliate!
You headbutt the sun demon.
You hit the kobold demonologist but do no damage.
You headbutt the kobold demonologist, but do no damage.
The kobold demonologist is heavily wounded.
You hit the sun demon.
The kobold demonologist gestures wildly while chanting.
The sun demon hits you.
* * * LOW HITPOINT WARNING * * *
You are engulfed in flames!
You die...

#####################
.)..#..'..#__#..@3..#
.#..').#..'..'..#K..#
###'#####'#__####.5.+
##..#...#.#### ####
_####..##[#
____##'#..+
.∩...'..._#
..__##_.#'#
____###+#.#


You could see a sun demon, a kobold demonologist and a quasit.

Vanquished Creatures
  A kobold demonologist (D)
  A slime creature (D)
  A yak (D)
  Sigmund (D)
  A floating eye (D)
  An ogre (D)
  A jelly (D)
  Ijyb (D)
8 creatures vanquished.

Notes
Turn   | Place    | Note
-------+----------+-------------------------------------------
     0 | D        | Mesmaeker13 the Minotaur Gladiator began the quest for the Orb.
     0 | D        | Reached XP level 1. HP: 18/18 MP: 0/0
     1 | D        | Noticed Ijyb
     8 | D        | Killed Ijyb
     8 | D        | Reached skill level 5 in Axes
     8 | D        | Reached XP level 2. HP: 16/28 MP: 1/1
   138 | D        | Noticed an ogre
   140 | D        | Killed an ogre
   140 | D        | Reached XP level 3. HP: 38/38 MP: 2/2
   140 | D        | Reached XP level 4. HP: 45/45 MP: 3/3
   150 | D        | Noticed Sigmund
   156 | D        | Killed Sigmund
   156 | D        | Reached XP level 5. HP: 56/56 MP: 4/4
   172 | D        | Found a deep blue altar of Sif Muna.
   174 | D        | Found a radiant altar of Vehumet.
   179 | D        | Reached XP level 6. HP: 57/63 MP: 5/5
   220 | D        | Found Oxowner's Gadget Emporium.
   220 | D        | Found an ancient bone altar of Kikubaaqudgha.
   220 | D        | Found a hazy altar of Hepliaklqana.
   220 | D        | Found a stormy altar of Qazlal.
   220 | D        | Found a hide-covered altar of Uskayaw.
   220 | D        | Found a blossoming altar of Fedhas.
   220 | D        | Found a bloodstained altar of Trog.
   220 | D        | Found an iron altar of Okawaru.
   220 | D        | Found a basalt altar of Yredelemnul.
   220 | D        | Found a glowing golden altar of the Shining One.
   220 | D        | Found a snail-covered altar of Cheibriados.
   220 | D        | Found a sacrificial altar of Ru.
   220 | D        | Found a glowing silver altar of Zin.
   220 | D        | Found a shadowy altar of Dithmenos.
   220 | D        | Found a white marble altar of Elyvilon.
   220 | D        | Noticed a yak
   226 | D        | Killed a yak
   226 | D        | Reached skill level 10 in Fighting
   226 | D        | Reached skill level 10 in Axes
   227 | D        | Found an opulent altar of Gozag.
   228 | D        | Found a sparkling altar of Nemelex Xobeh.
   234 | D        | Became a worshipper of Warmaster Okawaru
   315 | D        | Found a burning altar of Makhleb.
   315 | D        | Found a viscous altar of Jiyva.
   315 | D        | Found a shimmering altar of Xom.
   315 | D        | Found a corrupted altar of Lugonu.
   315 | D        | Noticed a slime creature
   324 | D        | Killed a slime creature
   324 | D        | Reached XP level 7. HP: 53/74 MP: 6/6
   430 | D        | Noticed a kobold demonologist
   431 | D        | Noticed a kobold demonologist
   433 | D        | Noticed a sun demon
   437 | D        | Noticed an orange demon
   440 | D        | Killed a kobold demonologist
   440 | D        | Reached * piety under Okawaru
   446 | D        | Mangled by a sun demon

Skill      XL: |  1  2  3  4  5  6  7 |
---------------+----------------------+-----
Fighting       | 4 6 8 9 11 12 | 12.0
Axes           | 5 7 9 11 12 | 12.3
Dodging        | 4 6 8 |  8.7
Armour         | 6 8 |  8.1
Throwing       | |  2.0

Action                   |  1- 3 |  4- 6 |  7- 9 || total
-------------------------+-------+-------+-------++-------
Melee: War axe           |     8 |    21 |    14 ||    43
       Headbutt          |     1 |     9 |     4 ||    14
Throw: Throwing net      |       |     2 |       ||     2
  Use: Potion            |       |       |     1 ||     1
Armor: Leather armour    |       |     1 |       ||     1
       Plate armour      |       |     2 |     9 ||    11
Dodge: Dodged            |     2 |     9 |     8 ||    19
